 Dungeon Crawl Stone Soup version 0.29-a0-559-g359e09b9d1 (webtiles) character file.

Game seed: 10397521289155987153

12 Miritol the Bolt Thrower (level 2, 0/17 HPs)
             Began as a Tengu Hunter on June 9, 2022.
             Slain by a kobold
             ... wielding a +0 club
              (3 damage)
             ... on level 2 of the Dungeon.
             The game lasted 00:00:49 (318 turns).

Miritol the Bolt Thrower (Tengu Hunter)              Turns: 318, Time: 00:00:50

Health: 0/17       AC:  5    Str: 11    XL:     2   Next: 33%
Magic:  3/3        EV: 11    Int:  9    God:
Gold:   0          SH:  0    Dex: 17    Spells: 1/1 levels left

rFire   . . .      SeeInvis .   b - +0 short sword
rCold   . . .      Faith    .   (no shield)
rNeg    . . .      Spirit   .   e - +0 ring mail
rPois   .          Reflect  .   (helmet restricted)
rElec   .          Harm     .   (no cloak)
rCorr   .          Rampage  .   (no gloves)
Will    .....                   (boots unavailable)
Stlth   +.........              (no amulet)
HPRegen 0.05/turn               (no ring)
MPRegen 0.08/turn               (no ring)

@: no status effects
A: beak, talons 3
a: no special abilities


You were on level 2 of the Dungeon.
You visited 1 branch of the dungeon, and saw 2 of its levels.

Inventory:

Hand Weapons
 a - a +1 hand crossbow
 b - a +0 short sword (weapon)
Armour
 e - a +0 ring mail (worn)
Scrolls
 c - 3 scrolls of immolation
 d - a scroll of torment {unknown}
 f - a scroll of brand weapon {unknown}
 h - 2 scrolls of identify {unknown}
 i - a scroll of amnesia {unknown}
Potions
 g - a potion of heal wounds {unknown}


   Skills:
 - Level 2.0 Fighting
 + Level 4.7 Crossbows
 + Level 1.3 Armour
 - Level 2.1 Dodging
 - Level 1.0 Stealth


You had one spell level left.
You didn't know any spells.
Your spell library was empty.

Dungeon Overview and Level Annotations

Branches:
Dungeon (1/15)

Altars:

Shops:
D:1 [

Annotations:
D:2 Robin


Innate Abilities, Weirdness & Mutations

You have a beak for a mouth.
You have claws for feet.


Message History

The kobold throws a stone.
The stone closely misses you.
A hobgoblin comes into view.
The hobgoblin shouts!
The kobold throws a stone.
The stone hits you but does no damage.
b - a +0 short sword (weapon)
The hobgoblin barely misses you.
You barely miss the hobgoblin. You claw the hobgoblin.
The hobgoblin is lightly wounded.
The hobgoblin barely misses you.
The kobold throws a stone.
The stone hits you but does no damage.
You closely miss the hobgoblin. You claw the hobgoblin.
The hobgoblin is almost dead.
The hobgoblin hits you but does no damage.
You hit the hobgoblin but do no damage.
You peck the hobgoblin, but do no damage.
The hobgoblin is almost dead.
The kobold throws a stone.
The stone hits you but does no damage.
The hobgoblin hits you but does no damage.
You closely miss the hobgoblin.
You claw the hobgoblin, but do no damage.
The hobgoblin is almost dead.
The hobgoblin barely misses you.
You barely miss the hobgoblin.
The hobgoblin is almost dead.
The goblin no longer looks unusually strong.
The kobold completely misses you. The hobgoblin hits you. x2
The kobold hits you with a +0 club.
You hit the hobgoblin.
You kill the hobgoblin!
The kobold closely misses you.
You hit the goblin.
The goblin is severely wounded.
The goblin hits you with a +0 dagger.
* * * LOW HITPOINT WARNING * * *
The kobold hits you but does no damage.
You closely miss the goblin. Your kick misses the goblin.
You peck the goblin, but do no damage.
The goblin is severely wounded.
The goblin hits you but does no damage. The kobold hits you with a +0 club.
You die... #g g .# .### . ..###. gg...

#g#.. #.# #g#.# ##.#
#S#g# ...# #.#@#
##..# #g#K# #...#
#.#g# #...# #K#.#
#...# #.#.## #...#
##....#####.#.#
#.#.........#.#####.#
##....#######.......#
###.................


You could see 2 goblins and a kobold.

Vanquished Creatures
  A giant cockroach (D:1)
  3 goblins
  3 hobgoblins
  2 kobolds (D:1)
  A ball python (D:1)
10 creatures vanquished.

Notes
Turn   | Place    | Note
-------+----------+-------------------------------------------
     0 | D:1      | Miritol the Tengu Hunter began the quest for the Orb.
     0 | D:1      | Reached XP level 1. HP: 12/12 MP: 2/2
   179 | D:1      | Reached skill level 1 in Armour
   203 | D:1      | Reached XP level 2. HP: 17/17 MP: 3/3
   259 | D:1      | Found Yrab's Armour Shop.
   266 | D:1      | You fall into a shaft and drop 1 floor!
   297 | D:2      | Noticed Robin
   318 | D:2      | Slain by a kobold

Illustrated notes

Levels and vault maps discovered:
D:1:      amcnicky_arrival_choice, layout_loops_ring, serial_shops,
          nicolae_shop_statue_plus, shop, shop
D:2:      layout_loops_ring, shapermc_ecumenical_altar_pompeii,
          minmay_misc_feat_tiny, uniq_robin, uniq_terence

Skill      XL: |  1 |
---------------+----+-----
Armour         | 1 |  1.3
Fighting       | |  2.0
Crossbows      | |  4.7
Dodging        | |  2.1
Stealth        | |  1.0

Action                   || total
-------------------------++-------
Melee: Short sword       ||     8
       Kick              ||     3
       Peck              ||     2
 Fire: Hand crossbow     ||    16
Armor: Ring mail         ||     8
Dodge: Dodged            ||    10

Table legend: (Time is in decaauts)
 A = Elapsed time spent in this place.
 B = Non-inter-level travel time spent in this place.
 C = Inter-level travel time spent in this place.
 D = Time resting spent in this place.
 E = Time spent auto-exploring this place.
 F = Levels seen in this place.
 G = Mean time per level.
                   A        B        C        D        E       F      G
               +--------+--------+--------+--------+--------+-----+--------+
         Total |    324 |    324 |      0 |      0 |    244 |   2 |  162.0 |
       Dungeon |    324 |    324 |      0 |      0 |    244 |   2 |  162.0 |
               +--------+--------+--------+--------+--------+-----+--------+

Top non-repeatable levels by time:
     D:1: 270 daAuts
     D:2: 54 daAuts
